 Dungeon Crawl Stone Soup version 0.31-a0-750-gfe7b580527 (webtiles) character file.

Game seed: 2483347863717417351

56 cforsyth the Sneak (level 4, -2/37 HPs)
             Began as a Djinni Delver on Sept 14, 2023.
             Splashed by a jelly's acid (7 damage)
             ... on level 5 of the Dungeon.
             The game lasted 00:00:28 (126 turns).

cforsyth the Sneak (Djinni Delver)                   Turns: 126, Time: 00:00:29

Health: -2/37      AC: -5    Str: 11    XL:     4   Next: 15%
Gold:   0          EV: 12    Int: 14    God:
                   SH:  0    Dex: 14

rFire   + + .        a - +0 falchion
rCold   x . .        (no shield)
rNeg    . . .        b - +0 leather armour
rPois   ∞            (no helmet)
rElec   .            (no cloak)
rCorr   .            (no gloves)
SInv    .            (boots unavailable)
Will    .....        (no amulet)
Stlth   ++           (no ring)
HPRegen 0.26/turn    (no ring)
MPRegen 0.00/turn

%: infuse magic (-3 HP)
@: corroded, flying, very slightly contaminated
A: sickness immunity, fire resistance 2, cold vulnerability 1, float, innate
caster, HP casting, extra vitality 1
a: no special abilities


You were on level 5 of the Dungeon.
You visited 1 branch of the dungeon, and saw 1 of its levels.

Inventory:

Hand Weapons
 a - a +0 falchion (weapon)
Armour
 b - a +0 leather armour (worn)
Wands
 g - a wand of digging (3)
Scrolls
 c - a scroll of fog
 d - a scroll of revelation
 e - 2 scrolls of fear
Potions
 f - a potion of haste


   Skills:
 + Level 3.9 Fighting
 - Level 1.7 Long Blades
 - Level 2.1 Dodging
 - Level 4.1 Stealth
 + Level 1.6 Spellcasting
 + Level 1.6 Conjurations
 + Level 1.6 Hexes
   Level 0.0 Charms
 + Level 1.6 Summonings
 + Level 1.6 Necromancy
 + Level 1.6 Translocations
 + Level 1.6 Transmutations
 + Level 1.6 Fire Magic
 + Level 1.6 Ice Magic
 + Level 1.6 Air Magic
 + Level 1.6 Earth Magic
 + Level 1.6 Poison Magic


You knew the following spells:

 Your Spells              Type           Power      Damage    Failure   Level
a - Magic Dart            Conj           20%        1d4       17%         1
Your spell library was empty.

Dungeon Overview and Level Annotations

Branches:
Dungeon (5/15)
 Temple: D:4-7

Altars:


Innate Abilities, Weirdness & Mutations

You are immune to sickness and miasma.
You are immune to poison.
Your flesh is very heat resistant. (rF++)
You are vulnerable to cold. (rC-)
You float through the air rather than walking.
You learn spells naturally, not from books.
Your magical power is your life essence.
You have superior vitality. (+4 MHP)


Message History

You start resting.
HP restored.
A jelly comes into view.
A jelly is nearby!
Casting: Magic Dart (safe; 22% risk of failure)
Confirm with . or Enter, or press ? or * to list all spells.
Okay, then.
Nothing quivered!
The magic dart hits the jelly.
The jelly is moderately wounded.
The magic dart hits the jelly.
The jelly is heavily wounded.
The magic dart hits the jelly.
The jelly is severely wounded.
The magic dart hits the jelly.
The jelly is almost dead.
The magic dart hits the jelly.
You kill the jelly!
You have reached level 4!
You feel clever.
A hound comes into view.
A jelly comes into view.
The jelly quivers.
The magic dart hits the jelly.
The jelly is lightly wounded.
The jelly hits you.
You are splashed with acid!
You miscast Magic Dart.
You are very lightly contaminated with residual magic.
Nothing appears to happen.
The jelly hits you. The acid corrodes you!
You are splashed with acid!
You are too injured to fight recklessly!
You are too injured to fight recklessly!
You are too injured to fight recklessly!
You hit the jelly. The acid corrodes you!
Your hands burn!
* * * LOW HITPOINT WARNING * * *
The jelly is moderately wounded.
The jelly hits you.
* * * LOW HITPOINT WARNING * * *
You are splashed with acid!
You die...

......##.........#
.........#.......##
.........#........##
.#...##............#
##.####............#
#..# ..........###
.... .........# ..#.
........# ..
.......@#
....##..J.# ....
#....# #.. .....# #h
......# ####.### #..
...


You could see a jelly.

Vanquished Creatures
  A hound (D:5)
  A jelly (D:5)
2 creatures vanquished.

Notes
Turn   | Place    | Note
-------+----------+-------------------------------------------
     0 | D:5      | cforsyth the Djinni Delver began the quest for the Orb.
     0 | D:5      | Reached XP level 1. HP: 20/20 MP: 0/0
    18 | D:5      | Noticed a hound
    34 | D:5      | Killed a hound
    34 | D:5      | Noticed a centaur
    35 | D:5      | Reached skill level 1 in Spellcasting
    35 | D:5      | Reached skill level 1 in Conjurations
    35 | D:5      | Reached skill level 1 in Hexes
    35 | D:5      | Reached skill level 1 in Summonings
    35 | D:5      | Reached skill level 1 in Necromancy
    35 | D:5      | Reached skill level 1 in Translocations
    35 | D:5      | Reached skill level 1 in Transmutations
    35 | D:5      | Reached skill level 1 in Fire Magic
    35 | D:5      | Reached skill level 1 in Ice Magic
    35 | D:5      | Reached skill level 1 in Air Magic
    35 | D:5      | Reached skill level 1 in Earth Magic
    35 | D:5      | Reached skill level 1 in Poison Magic
    35 | D:5      | Reached XP level 2. HP: 9/25 MP: 0/0
    35 | D:5      | Reached XP level 3. HP: 11/30 MP: 0/0
    35 | D:5      | Learned a level 1 spell: Magic Dart
   120 | D:5      | Reached XP level 4. HP: 33/37 MP: 0/0
   126 | D:5      | Splashed by a jelly's acid

Illustrated notes

Levels and vault maps discovered:
D:5:      layout_cave_pools, minmay_between

Skill      XL: |  1 |
---------------+----+-----
Spellcasting   | 1 |  1.6
Conjurations   | 1 |  1.6
Hexes          | 1 |  1.6
Summonings     | 1 |  1.6
Necromancy     | 1 |  1.6
Translocations | 1 |  1.6
Transmutations | 1 |  1.6
Fire Magic     | 1 |  1.6
Ice Magic      | 1 |  1.6
Air Magic      | 1 |  1.6
Earth Magic    | 1 |  1.6
Poison Magic   | 1 |  1.6
Fighting       | |  3.9
Long Blades    | |  1.7
Dodging        | |  2.1
Stealth        | |  4.1

Action                     |  1- 3 |  4- 6 || total
---------------------------+-------+-------++-------
  Melee: Falchion          |    14 |     1 ||    15
   Cast: Magic Dart        |     5 |     1 ||     6
 Armour: Leather armour    |    11 |     3 ||    14
  Dodge: Dodged            |    13 |       ||    13

Table legend: (Time is in decaauts)
 A = Elapsed time spent in this place.
 B = Non-inter-level travel time spent in this place.
 C = Inter-level travel time spent in this place.
 D = Time resting spent in this place.
 E = Time spent auto-exploring this place.
 F = Levels seen in this place.
 G = Mean time per level.
                   A        B        C        D        E       F      G
               +--------+--------+--------+--------+--------+-----+--------+
         Total |    129 |    129 |      0 |     68 |     17 |   1 |  129.0 |
       Dungeon |    129 |    129 |      0 |     68 |     17 |   1 |  129.0 |
               +--------+--------+--------+--------+--------+-----+--------+

Top non-repeatable levels by time:
     D:5: 129 daAuts
